Workbook

Sheet ℹ️ 
A1: info
C4: A tool for understanding the factors that drive valuation:
C5: • Four primary methods broken down by attribute
C6: • Examples of intrinsic, relative, and perceived value
C7: • Impacts of time, maturity, and historical performance
C9: Mechanics | D9: Instruments | E9: Calculations | F9: Valuation methods
C10: 3 funding rounds + IPO | D10: Common shares | E10: Post-money value | F10: Post-money
C11: Pro-rata investment | D11: Preferred shares | E11: Price per share | F11: Market cap
C12: Treasury stock method | D12: Debt & Line of credit | E12: Fully-diluted shares | F12: Diluted cap
C13: Liquidity preference | D13: Convertible notes | E13: Cost of capital | F13: EV/EBITDA & P/E
C14: Conversion ratios | D14: Restricted stock | E14: Dilutive effects | F14: Discounted cash flow
C15: 5-yr. operational forecast | D15: Stock options | E15: Exercise proceeds | F15: Equity bridge
C23: Note: Drivers tab is populated with sample data. Select > Delete to clear cells.

Sheet Approach
A1: info
C3: Valuation Approaches
C5: Primary | E5: Post-Money | G5: Market | I5: Relative | K5: Intrinsic
C6: Stage | E6: Startup / early-stage | G6: Publicly-traded | I6: All | K6: Mature, stable
C7: Purpose | E7: Transaction | G7: Guidance | I7: Guidance | K7: Guidance
C8: Benchmark | E8: Investor sentiment | G8: Market sentiment | I8: Market sentiment | K8: Intrinsic value
C9: Methods | E9: Common-equivalent shares | G9: Market cap, diluted cap | I9: EV/EBITDA, Price/Earnings | K9: Discounted CF, Equity bridge
C10: Drivers | E10: Invested amounts, cap table | G10: Market price, share count | I10: Market listings, financials | K10: Cash flow forecast, WACC
C12: Secondary | E12: Private listing | G12: Liquidation value | I12: Comp sale | K12: Option value
C13: Stage | E13: Private | G13: Distressed | I13: Post-early / private | K13: IP-heavy
C14: Purpose | E14: Transaction | G14: Transaction | I14: Transaction | K14: Guidance
C15: Benchmark | E15: Intrinsic value | G15: Intrinsic value | I15: Intrinsic value | K15: Intrinsic value
C16: Drivers | E16: Private listings, indexes | G16: FMV of assets, auctions | I16: Deal terms, financials | K16: Option timing, strike price
C18: Parallels | E18: Private estimates on | G18: Price-givers that hold the | I18: Relative estimates of | K18: Equity reduced by value of
E19: the value of illiquid stock | G19: final word on fair value | I19: company valuation | K19: options in DCF calculation
C21: Illustration
C22: from model
C23: ⚫ Enterprise
C24: ⚫ Equity
F25: Post-Money | G25: Common-equiv. | H25: =Valuation!$F$11 -> 859.06736
F26: Market Value | G26: Market cap | H26: =Valuation!$I$11 -> 922.68069 | I26: Diluted cap | J26: =Valuation!$I$24 -> 863.42128
F27: Industry Multiple | G27: EV/EBITDA | H27: =Valuation!$L$13 -> 3137.7551 | I27: Price/Earnings | J27: =Valuation!$L$24 -> 2843.3351
F28: Discounted Cash Flow | G28: DCF | H28: =Valuation!$O$13 -> 699.2975 | I28: Equity Bridge | J28: =Valuation!$O$27 -> 490.96687
E32: Post-Money | G32: Market Value | I32: Relative Value | K32: Intrinsic Value

Sheet Drivers
C4: Drivers
C6: Fundraising | J6: Operations | O6: Valuation & Shares | T6: Fundraising Summary
C8: Shares | D8: Seed | E8: Series A | F8: Series B | G8: IPO | J8: Debt | K8: $ Starting | L8: Growth | M8: Rate | O8: Industry Comps | P8: Comp A | Q8: Comp B | R8: Comp C | T8: Group | U8: Amount | V8: Shares | W8: Cap
C9: Pro rata | J9: Short term | K9: 25 | L9: 0.05 | M9: 0.072 | O9: Enterprise value | P9: 6000 | Q9: 9000 | R9: 5500 | T9: Founders | U9: =SUM(Funding!$O$8:$R$8) -> 35 | V9: =Funding!$M$9 -> 50 | W9: =Funding!$W$8 -> 0.044718108
C10: Investors | D10: 50 | E10: 55 | F10: 60 | G10: 115 | H10: TRUE | J10: Long term | K10: 75 | L10: 0.03 | M10: 0.095 | O10: EBITDA | P10: 900 | Q10: 1050 | R10: 500 | T10: Group A | U10: =SUM(Funding!$O$9:$R$9) -> 32.032967 | V10: =Funding!$M$10 -> 92.4 | W10: =Funding!$W$9 -> 0.082639064
C11: RSUs | D11: 50 | E11: 50 | F11: 50 | G11: 50 | J11: Credit line | K11: 100 | M11: 0.07 | O11: Market value | P11: 8000 | Q11: 8270 | R11: 8100 | T11: Group B | U11: =SUM(Funding!$O$10:$R$10) -> 32.967033 | V11: =Funding!$M$11 -> 72 | W11: =Funding!$W$10 -> 0.064394076
C12: Investment | J12: Operations | O12: Earnings | P12: 625 | Q12: 720 | R12: 500 | T12: Public Float | U12: =SUM(Funding!$O$13:$R$13) -> 449.57852 | V12: =Funding!$M$14 -> 115 | W12: =Funding!$W$13 -> 0.10285165
C13: $ Seed | D13: 35 | J13: Sales | K13: 3500 | L13: 0.06 | O13: WACC & DCF | T13: RSU | U13: =Funding!$R$11 -> 0 | V13: =Funding!$M$12 -> 200 | W13: =Funding!$W$11 -> 0.17887243
C14: $ Pre-money | E14: 50 | F14: 250 | G14: 600 | H14: avg: | J14: COGS | K14: 2800 | L14: 0.05 | O14: Avg return, S & P | P14: 0.08 | T14: Conv. Notes | U14: =Funding!$R$12 -> 75 | V14: =Funding!$M$13 -> 588.71528 | W14: =Funding!$W$12 -> 0.52652467
C15: Options | D15: =IFERROR(Funding!O$18*(1-$D17),"") -> 0.315 | E15: =IFERROR(Funding!P$18*(1-$D17),"") -> 0.45 | F15: =IFERROR(Funding!Q$18*(1-$D17),"") -> 0.49450549 | G15: =IFERROR(Funding!R$18*(1-$D17),"") -> 0.67436778 | H15: =SUMPRODUCT($D$15:$G$15,$D$16:$G$16)/SUM($D$16:$G$16) -> 0.48346832 | J15: Overhead | K15: 325 | L15: 0.08 | O15: Company beta | P15: 1.2 | T15: Options CSE | U15: =Funding!$R$15 -> 21.266337 | V15: =Funding!$H$15 -> 28.381699 | W15: =Funding!$W$15 -> 0.025383518
C16: Grant | D16: 20 | E16: 20 | F16: 20 | G16: 20 | J16: CapEx | K16: 25 | L16: 0.04 | O16: 10-yr Treasury | P16: 0.05 | T16: Valuation Summary
C17: Discount | D17: 0.1 | J17: Dividend | K17: 75 | L17: 0.1 | O17: Terminal growth | P17: 0.02
C18: Convert notes | J18: Paid w/credit | O18: Share price | T18: Method | U18: Metric | V18: Shares | W18: Valuation
C19: $ Issued | D19: 100 | E19: 100 | F19: 75 | J19: Collections | K19: 0.8 | O19: IPO | P19: =Funding!R18 -> 0.74929753 | T19: Pre-money
C20: Discount | D20: 0.2 | E20: 0.2 | F20: 0.1 | J20: Remittance | K20: 0.7 | O20: Current | P20: 0.7 | T20: Basic | U20: Equity | V20: =Funding!$H$14 -> 1118.1153 | W20: =Funding!$R$16 -> 1145.8449
C21: Shares cap | D21: 1000 | E21: 1000 | F21: 800 | J21: Cash balance | O21: Basic Shares | T21: Comm equiv | U21: Equity | V21: =Funding!$H$16 -> 1146.497 | W21: =Valuation!$F$11 -> 859.06736
C22: Terms | J22: Starting | K22: 60 | O22: Employee SPP | P22: 100 | T22: Mkt value
C23: Conversion | E23: 1.5 | F23: 1.2 | J23: Minimum | K23: 100 | O23: RSUs issued | P23: 100 | T23: Market cap | U23: Equity | V23: =Factors!$D$13 -> 1318.1153 | W23: =Valuation!$I$11 -> 922.68069
C24: Liquidity pref | E24: 1.2 | F24: 1.2 | J24: Income tax | O24: Buybacks | P24: 20 | T24: Diluted cap | U24: Equity | V24: =Factors!$D$20 -> 1344.8875 | W24: =Valuation!$I$24 -> 863.42128
J25: Corp. rate | K25: 0.4 | O25: Options | P25: Exercises | Q25: =MIN($P$26,MAX(SUM($D$16:$G$16)-$P$26,0)) -> 20 | T25: Multiple
O26: Exercised | P26: 20 | Q26: =MIN($P$26,MAX(SUM($D$16:$G$16)-SUM($P$26,Q$25:Q25),0)) -> 20 | T26: EV / EBITDA | U26: Enterprise | W26: =IFERROR(Valuation!$L$13,"") -> 3137.7551
O27: New grants | P27: 125 | Q27: =MIN($P$26,MAX(SUM($D$16:$G$16)-SUM($P$26,Q$25:Q26),0)) -> 20 | T27: Price/Earngs | U27: Equity | W27: =IFERROR(Valuation!$L$24,"") -> 2843.3351
O28: Strike price | P28: =P19*0.9 -> 0.67436778 | Q28: =MIN($P$26,MAX(SUM($D$16:$G$16)-SUM($P$26,Q$25:Q27),0)) -> 0 | T28: DCF
T29: Present Value | U29: Enterprise | W29: =IFERROR(Valuation!$O$13,"") -> 699.2975
T30: Equity bridge | U30: Equity | W30: =IFERROR(Valuation!$O$27,"") -> 490.96687

Sheet Funding
A1: info
C3: Fundraising
E5: Shares | O5: Investment | T5: Cap Table | Y5: Fundraising Summary
E7: Seed | F7: Series A | G7: Series B | H7: IPO | J7: Seed | K7: A | L7: B | M7: IPO | O7: Seed | P7: Series A | Q7: Series B | R7: IPO | T7: Seed | U7: Series A | V7: Series B | W7: IPO | Y7: Group | Z7: Amount | AA7: Shares | AB7: Cap
C8: Founders | E8: =Drivers!D10 -> 50 | O8: =Drivers!D13 -> 35 | T8: =J9/J$15 -> 0.5 | U8: =K9/K$15 -> 0.10989011 | V8: =L9/L$15 -> 0.062441461 | W8: =M9/M$15 -> 0.044718108 | Y8: Founders | Z8: =SUM($O$8:$R$8) -> 35 | AA8: =$M$9 -> 50 | AB8: =$W$8 -> 0.044718108
C9: Group A | F9: =Drivers!E10 -> 55 | G9: =IFERROR(IF(Drivers!H10=TRUE,((Drivers!E10/F14*(F14+Drivers!F10))-Drivers!E10)/(1-Drivers!E10/F14),0),"") -> 8.25 | J9: =SUM($E8:E8) -> 50 | K9: =SUM($E8:F8) -> 50 | L9: =SUM($E8:F8) -> 50 | M9: =SUM($E8:F8) -> 50 | P9: =IFERROR(Drivers!E10*P$18,"") -> 27.5 | Q9: =IFERROR(G9*Q$18,"") -> 4.532967 | T9: =J10/J$15 -> 0 | U9: =K10/K$15 -> 0.12087912 | V9: =L10/L$15 -> 0.078988448 | W9: =M10/M$15 -> 0.082639064 | Y9: Group A | Z9: =SUM($O$9:$R$9) -> 32.032967 | AA9: =$M$10 -> 92.4 | AB9: =$W$9 -> 0.082639064
C10: Group B | G10: =Drivers!F10 -> 60 | K10: =SUM($E9:F9) -> 55 | L10: =SUM($E9:G9) -> 63.25 | M10: =F9*Drivers!E23+G9*Drivers!F23 -> 92.4 | Q10: =IFERROR(Drivers!F10*Q$18,"") -> 32.967033 | T10: =J11/J$15 -> 0 | U10: =K11/K$15 -> 0 | V10: =L11/L$15 -> 0.074929753 | W10: =M11/M$15 -> 0.064394076 | Y10: Group B | Z10: =SUM($O$10:$R$10) -> 32.967033 | AA10: =$M$11 -> 72 | AB10: =$W$10 -> 0.064394076
C11: RSU | E11: =Drivers!D11 -> 50 | F11: =Drivers!E11 -> 50 | G11: =Drivers!F11 -> 50 | H11: =Drivers!G11 -> 50 | K11: =SUM($E10:F10) -> 0 | L11: =SUM($E10:G10) -> 60 | M11: =G10*Drivers!F23 -> 72 | T11: =J12/J$15 -> 0.5 | U11: =K12/K$15 -> 0.21978022 | V11: =L12/L$15 -> 0.18732438 | W11: =M12/M$15 -> 0.17887243 | Y11: Public Float | Z11: =SUM($O$13:$R$13) -> 449.57852 | AA11: =$M$14 -> 115 | AB11: =$W$13 -> 0.10285165
C12: Conv. Notes | F12: =IFERROR(Drivers!D19/MIN(P$18*(1-Drivers!D20),Drivers!D21/E14),"") -> 250 | G12: =IFERROR(Drivers!E19/MIN(Q$18*(1-Drivers!E20),Drivers!E21/F14),"") -> 227.5 | H12: =IFERROR(Drivers!F19/MIN(R$18*(1-Drivers!F20),Drivers!F21/G14),"") -> 111.21528 | J12: =SUM($E11:E11) -> 50 | K12: =SUM($E11:F11) -> 100 | L12: =SUM($E11:G11) -> 150 | M12: =SUM($E11:H11) -> 200 | P12: =IF(Drivers!D19>0,Drivers!D19,"") -> 100 | Q12: =IF(Drivers!E19>0,Drivers!E19,"") -> 100 | R12: =IF(Drivers!F19>0,Drivers!F19,"") -> 75 | T12: =J13/J$15 -> 0 | U12: =K13/K$15 -> 0.54945055 | V12: =L13/L$15 -> 0.59631595 | W12: =M13/M$15 -> 0.52652467 | Y12: RSU | Z12: =$R$11 -> 0 | AA12: =$M$12 -> 200 | AB12: =$W$11 -> 0.17887243
C13: Public float | H13: =Drivers!G10 -> 115 | K13: =SUM($E12:F12) -> 250 | L13: =SUM($E12:G12) -> 477.5 | M13: =SUM($E12:H12) -> 588.71528 | R13: =Drivers!G14*R18 -> 449.57852 | T13: =J14/J$15 -> 0 | U13: =K14/K$15 -> 0 | V13: =L14/L$15 -> 0 | W13: =M14/M$15 -> 0.10285165 | Y13: Conv. Notes | Z13: =$R$12 -> 75 | AA13: =$M$13 -> 588.71528 | AB13: =$W$12 -> 0.52652467
C14: Subtotal | E14: =SUM(E8:E13) -> 100 | F14: =E14+SUM(F8:F13) -> 455 | G14: =F14+SUM(G9:G13) -> 800.75 | H14: =SUM(E8,E11:G11)+SUM(F12,G12)+(Drivers!E23*F9)+SUM(G9:G10)*Drivers!F23+SUM(H11:H13) -> 1118.1153 | K14: =SUM($E13:F13) -> 0 | L14: =SUM($E13:G13) -> 0 | M14: =SUM($E13:H13) -> 115 | O14: =O8 -> 35 | P14: =Drivers!E14+P9+P12 -> 177.5 | Q14: =Drivers!F14+Q9+Q10+Q12 -> 387.5 | R14: =R17+R12+R13 -> 1124.5785 | T14: =J15/J$15 -> 1 | U14: =K15/K$15 -> 1 | V14: =L15/L$15 -> 1 | W14: =M15/M$15 -> 1 | Y14: Options CSE | Z14: =$R$15 -> 21.266337 | AA14: =$H$15 -> 28.381699 | AB14: =$W$15 -> 0.025383518
C15: Options | E15: {=SUMPRODUCT((Drivers!$D15:D15<$O18:O18)*Drivers!$D16:D16*(1-Drivers!$D15:D15/O18))} -> 2 | F15: {=SUMPRODUCT((Drivers!$D15:E15<$O18:P18)*Drivers!$D16:E16*(1-Drivers!$D15:E15/P18))} -> 9.4 | G15: {=SUMPRODUCT((Drivers!$D15:F15<$O18:Q18)*Drivers!$D16:F16*(1-Drivers!$D15:F15/Q18))} -> 14.154 | H15: {=SUMPRODUCT((Drivers!$D15:G15<$O18:R18)*Drivers!$D16:G16*(1-Drivers!$D15:G15/R18))} -> 28.381699 | J15: =SUM(J9:J14) -> 100 | K15: =SUM(K9:K14) -> 455 | L15: =SUM(L9:L14) -> 800.75 | M15: =SUM(M9:M14) -> 1118.1153 | O15: =IFERROR(E15*O$18,"") -> 0.7 | P15: =IFERROR(F15*P$18,"") -> 4.7 | Q15: =IFERROR(G15*Q$18,"") -> 7.7769231 | R15: =IFERROR(H15*R$18,"") -> 21.266337 | T15: =J16/J$15 -> 0.02 | U15: =K16/K$15 -> 0.020659341 | V15: =L16/L$15 -> 0.017675929 | W15: =M16/M$15 -> 0.025383518 | Y15: Valuation Summary
C16: Total | E16: =SUM(E14:E15) -> 102 | F16: =SUM(F14:F15) -> 464.4 | G16: =SUM(G14:G15) -> 814.904 | H16: =SUM(E8,E11:G11)+SUM(F12,G12)+(Drivers!E23*F9)+SUM(G9:G10)*Drivers!F23+SUM(H11:H13)+H15 -> 1146.497 | J16: =E15 -> 2 | K16: =F15 -> 9.4 | L16: =G15 -> 14.154 | M16: =H15 -> 28.381699 | O16: =SUM(O8:O14) -> 70 | P16: =SUM(P8:P14) -> 305 | Q16: =SUM(Q8:Q14) -> 525 | R16: =SUM(R14:R15) -> 1145.8449 | T16: =J15/J$15 -> 1 | U16: =K15/K$15 -> 1 | V16: =L15/L$15 -> 1 | W16: =M15/M$15 -> 1
C17: Pre-money | J17: =SUM(J15:J16) -> 102 | K17: =SUM(K15:K16) -> 464.4 | L17: =SUM(L15:L16) -> 814.904 | M17: =SUM(M15:M16) -> 1146.497 | O17: =Drivers!D13 -> 35 | P17: =Drivers!E14 -> 50 | Q17: =Drivers!F14 -> 250 | R17: =Drivers!G14 -> 600 | Y17: Method | Z17: Metric | AA17: Shares | AB17: Valuation
C18: Share price | O18: =IFERROR(O14/E14,"") -> 0.35 | P18: =IFERROR(Drivers!E14/E14,"") -> 0.5 | Q18: =IFERROR(Drivers!F14/F14,"") -> 0.54945055 | R18: =Drivers!G14/G14 -> 0.74929753 | Y18: Pre-money
Y19: Basic | Z19: Equity | AA19: =$H$14 -> 1118.1153 | AB19: =$R$16 -> 1145.8449
Y20: Comm equiv | Z20: Equity | AA20: =$H$16 -> 1146.497 | AB20: =Valuation!$F$11 -> 859.06736
Y21: Mkt value
Y22: Market cap | Z22: Equity | AA22: =Factors!$D$13 -> 1318.1153 | AB22: =Valuation!$I$11 -> 922.68069
Y23: Diluted cap | Z23: Equity | AA23: =Factors!$D$20 -> 1344.8875 | AB23: =Valuation!$I$24 -> 863.42128
Y24: Multiple
Y25: EV / EBITDA | Z25: Enterprise | AB25: =IFERROR(Valuation!$L$13,"") -> 3137.7551
Y26: Price/Earngs | Z26: Equity | AB26: =IFERROR(Valuation!$L$24,"") -> 2843.3351
Y27: DCF
Y28: Present Value | Z28: Enterprise | AB28: =IFERROR(Valuation!$O$13,"") -> 699.2975
Y29: Equity bridge | Z29: Equity | AB29: =IFERROR(Valuation!$O$27,"") -> 490.96687

Sheet Forecast
A1: info
C3: Operational Forecast
C5: Ledger | J5: Debt | R5: Fundraising Summary
D7: 1 | E7: 2 | F7: 3 | G7: 4 | H7: 5 | L7: 1 | M7: 2 | N7: 3 | O7: 4 | P7: 5 | R7: Group | S7: Amount | T7: Shares | U7: Cap
C8: Sales | D8: =SUM(Drivers!$K13) * (1+((1+SUMPRODUCT(Drivers!$K13,Drivers!$L13)/SUM(Drivers!$K13))^(L$7-1)-1)) -> 3500 | E8: =SUM(Drivers!$K13) * (1+((1+SUMPRODUCT(Drivers!$K13,Drivers!$L13)/SUM(Drivers!$K13))^(M$7-1)-1)) -> 3710 | F8: =SUM(Drivers!$K13) * (1+((1+SUMPRODUCT(Drivers!$K13,Drivers!$L13)/SUM(Drivers!$K13))^(N$7-1)-1)) -> 3932.6 | G8: =SUM(Drivers!$K13) * (1+((1+SUMPRODUCT(Drivers!$K13,Drivers!$L13)/SUM(Drivers!$K13))^(O$7-1)-1)) -> 4168.556 | H8: =SUM(Drivers!$K13) * (1+((1+SUMPRODUCT(Drivers!$K13,Drivers!$L13)/SUM(Drivers!$K13))^(P$7-1)-1)) -> 4418.6694 | J8: Balances | R8: Founders | S8: =SUM(Funding!$O$8:$R$8) -> 35 | T8: =Funding!$M$9 -> 50 | U8: =Funding!$W$8 -> 0.044718108
C9: Collected | D9: =D8/(1+Drivers!$L13)*Drivers!$K19 + D8*(1-Drivers!$K19) -> 3341.5094 | E9: =E8/(1+Drivers!$L13)*Drivers!$K19 + E8*(1-Drivers!$K19) -> 3542 | F9: =F8/(1+Drivers!$L13)*Drivers!$K19 + F8*(1-Drivers!$K19) -> 3754.52 | G9: =G8/(1+Drivers!$L13)*Drivers!$K19 + G8*(1-Drivers!$K19) -> 3979.7912 | H9: =H8/(1+Drivers!$L13)*Drivers!$K19 + H8*(1-Drivers!$K19) -> 4218.5787 | K9: Short-term | L9: =Drivers!$K$9*(1+Drivers!$L$9) -> 26.25 | M9: =L9*(1+Drivers!$L$9) -> 27.5625 | N9: =M9*(1+Drivers!$L$9) -> 28.940625 | O9: =N9*(1+Drivers!$L$9) -> 30.387656 | P9: =O9*(1+Drivers!$L$9) -> 31.907039 | R9: Group A | S9: =SUM(Funding!$O$9:$R$9) -> 32.032967 | T9: =Funding!$M$10 -> 92.4 | U9: =Funding!$W$9 -> 0.082639064
C10: COGS | D10: =SUM(Drivers!$K14) * (1+((1+SUMPRODUCT(Drivers!$K14,Drivers!$L14)/SUM(Drivers!$K14))^(L$7-1)-1)) -> 2800 | E10: =SUM(Drivers!$K14) * (1+((1+SUMPRODUCT(Drivers!$K14,Drivers!$L14)/SUM(Drivers!$K14))^(M$7-1)-1)) -> 2940 | F10: =SUM(Drivers!$K14) * (1+((1+SUMPRODUCT(Drivers!$K14,Drivers!$L14)/SUM(Drivers!$K14))^(N$7-1)-1)) -> 3087 | G10: =SUM(Drivers!$K14) * (1+((1+SUMPRODUCT(Drivers!$K14,Drivers!$L14)/SUM(Drivers!$K14))^(O$7-1)-1)) -> 3241.35 | H10: =SUM(Drivers!$K14) * (1+((1+SUMPRODUCT(Drivers!$K14,Drivers!$L14)/SUM(Drivers!$K14))^(P$7-1)-1)) -> 3403.4175 | K10: Long-term | L10: =Drivers!$K$10*(1+Drivers!$L$10) -> 77.25 | M10: =L10*(1+Drivers!$L$10) -> 79.5675 | N10: =M10*(1+Drivers!$L$10) -> 81.954525 | O10: =N10*(1+Drivers!$L$10) -> 84.413161 | P10: =O10*(1+Drivers!$L$10) -> 86.945556 | R10: Group B | S10: =SUM(Funding!$O$10:$R$10) -> 32.967033 | T10: =Funding!$M$11 -> 72 | U10: =Funding!$W$10 -> 0.064394076
C11: Paid | D11: =D10/(1+Drivers!$L14)*Drivers!$K20 + D10*(1-Drivers!$K20) -> 2706.6667 | E11: =E10/(1+Drivers!$L14)*Drivers!$K20 + E10*(1-Drivers!$K20) -> 2842 | F11: =F10/(1+Drivers!$L14)*Drivers!$K20 + F10*(1-Drivers!$K20) -> 2984.1 | G11: =G10/(1+Drivers!$L14)*Drivers!$K20 + G10*(1-Drivers!$K20) -> 3133.305 | H11: =H10/(1+Drivers!$L14)*Drivers!$K20 + H10*(1-Drivers!$K20) -> 3289.9702 | K11: Line of Credit | R11: Public Float | S11: =SUM(Funding!$O$13:$R$13) -> 449.57852 | T11: =Funding!$M$14 -> 115 | U11: =Funding!$W$13 -> 0.10285165
C12: Overhead | D12: =Drivers!$K15*(1+(1+Drivers!$L15)^(L$7-1)-1) -> 325 | E12: =Drivers!$K15*(1+(1+Drivers!$L15)^(M$7-1)-1) -> 351 | F12: =Drivers!$K15*(1+(1+Drivers!$L15)^(N$7-1)-1) -> 379.08 | G12: =Drivers!$K15*(1+(1+Drivers!$L15)^(O$7-1)-1) -> 409.4064 | H12: =Drivers!$K15*(1+(1+Drivers!$L15)^(P$7-1)-1) -> 442.15891 | K12: Starting cash | L12: =Drivers!$K$22 -> 60 | M12: =SUM(L18:L19) -> 100 | N12: =SUM(M18:M19) -> 100 | O12: =SUM(N18:N19) -> 100 | P12: =SUM(O18:O19) -> 100 | R12: RSU | S12: =Funding!$R$11 -> 0 | T12: =Funding!$M$12 -> 200 | U12: =Funding!$W$11 -> 0.17887243
C13: Interest | D13: =L27 -> 16.22875 | E13: =M27 -> 21.914171 | F13: =N27 -> 24.721603 | G13: =O27 -> 27.31661 | H13: =P27 -> 29.678956 | K13: + New debt | L13: =SUM(L9:L10)-SUM(Drivers!K9:K10) -> 3.5 | M13: =SUM(M9:M10)-SUM(L9:L10) -> 3.63 | N13: =SUM(N9:N10)-SUM(M9:M10) -> 3.76515 | O13: =SUM(O9:O10)-SUM(N9:N10) -> 3.905667 | P13: =SUM(P9:P10)-SUM(O9:O10) -> 4.0517776 | R13: Conv. Notes | S13: =Funding!$R$12 -> 75 | T13: =Funding!$M$13 -> 588.71528 | U13: =Funding!$W$12 -> 0.52652467
C14: CapEx | D14: =Drivers!$K16*(1+(1+Drivers!$L16)^(L$7-1)-1) -> 25 | E14: =Drivers!$K16*(1+(1+Drivers!$L16)^(M$7-1)-1) -> 26 | F14: =Drivers!$K16*(1+(1+Drivers!$L16)^(N$7-1)-1) -> 27.04 | G14: =Drivers!$K16*(1+(1+Drivers!$L16)^(O$7-1)-1) -> 28.1216 | H14: =Drivers!$K16*(1+(1+Drivers!$L16)^(P$7-1)-1) -> 29.246464 | K14: + Exercises | L14: =Drivers!$P$26*Drivers!$H$15 -> 9.6693664 | M14: =Drivers!$Q$25*Drivers!$H$15 -> 9.6693664 | N14: =Drivers!$Q$26*Drivers!$H$15 -> 9.6693664 | O14: =Drivers!$Q$27*Drivers!$H$15 -> 9.6693664 | P14: =Drivers!$Q$28*Drivers!$H$15 -> 0 | R14: Options CSE | S14: =Funding!$R$15 -> 21.266337 | T14: =Funding!$H$15 -> 28.381699 | U14: =Funding!$W$15 -> 0.025383518
C15: Taxes | D15: =Drivers!$K25*(D8-SUM(D10,D12,D13)) -> 143.5085 | E15: =Drivers!$K25*(E8-SUM(E10,E12,E13)) -> 158.83433 | F15: =Drivers!$K25*(F8-SUM(F10,F12,F13)) -> 176.71936 | G15: =Drivers!$K25*(G8-SUM(G10,G12,G13)) -> 196.1932 | H15: =Drivers!$K25*(H8-SUM(H10,H12,H13)) -> 217.3656 | K15: ⎯ Capital exp. | L15: =-D14 -> -25 | M15: =-E14 -> -26 | N15: =-F14 -> -27.04 | O15: =-G14 -> -28.1216 | P15: =-H14 -> -29.246464 | R15: Valuation Summary
C16: Dividends | D16: =Drivers!$K17*(1+(1+Drivers!$L17)^(L$7-1)-1) -> 75 | E16: =Drivers!$K17*(1+(1+Drivers!$L17)^(M$7-1)-1) -> 82.5 | F16: =Drivers!$K17*(1+(1+Drivers!$L17)^(N$7-1)-1) -> 90.75 | G16: =Drivers!$K17*(1+(1+Drivers!$L17)^(O$7-1)-1) -> 99.825 | H16: =Drivers!$K17*(1+(1+Drivers!$L17)^(P$7-1)-1) -> 109.8075 | K16: ⎯ Dividends | L16: =-Drivers!K17 -> -75 | M16: =L16*(1+Drivers!$L17) -> -82.5 | N16: =M16*(1+Drivers!$L17) -> -90.75 | O16: =N16*(1+Drivers!$L17) -> -99.825 | P16: =O16*(1+Drivers!$L17) -> -109.8075
C17: Cash in/out | D17: =D9-SUM(D11:D16) -> 50.105517 | E17: =E9-SUM(E11:E16) -> 59.751498 | F17: =F9-SUM(F11:F16) -> 72.109038 | G17: =G9-SUM(G11:G16) -> 85.623394 | H17: =H9-SUM(H11:H16) -> 100.35099 | K17: + Cash in/out | L17: =D17 -> 50.105517 | M17: =E17 -> 59.751498 | N17: =F17 -> 72.109038 | O17: =G17 -> 85.623394 | P17: =H17 -> 100.35099 | R17: Method | S17: Metric | T17: Shares | U17: Valuation
C18: EBITDA | D18: =D8-D10-D12 -> 375 | K18: Unadjusted. cash | L18: =SUM(L12:L17) -> 23.274884 | M18: =SUM(M12:M17) -> 64.550864 | N18: =SUM(N12:N17) -> 67.753555 | O18: =SUM(O12:O17) -> 71.251827 | P18: =SUM(P12:P17) -> 65.348807 | R18: Pre-money
C19: Earnings | D19: =D18-SUM(D13,D15) -> 215.26275 | K19: Borrow/Repay | L19: =IF(L18 <Drivers!K23,Drivers!K23 - L18, IF(Drivers!$K$11 > 0, - MIN(L18 -Drivers!K23,Drivers!$K$11), 0)) -> 76.725116 | M19: =IF(M18 <Drivers!K23,Drivers!K23 - M18, IF(L20 > 0, - MIN(M18 -Drivers!K23,L20), 0)) -> 35.449136 | N19: =IF(N18 <Drivers!K23,Drivers!K23 - N18, IF(M20 > 0, - MIN(N18 -Drivers!K23,M20), 0)) -> 32.246445 | O19: =IF(O18 <Drivers!K23,Drivers!K23 - O18, IF(N20 > 0, - MIN(O18 -Drivers!K23,N20), 0)) -> 28.748173 | P19: =IF(P18 <Drivers!K23,Drivers!K23 - P18, IF(O20 > 0, - MIN(P18 -Drivers!K23,O20), 0)) -> 34.651193 | R19: Basic | S19: Equity | T19: =Funding!$H$14 -> 1118.1153 | U19: =Funding!$R$16 -> 1145.8449
K20: Ending balance | L20: =Drivers!$K$11+L19 -> 176.72512 | M20: =L20+M19 -> 212.17425 | N20: =M20+N19 -> 244.4207 | O20: =N20+O19 -> 273.16887 | P20: =O20+P19 -> 307.82006 | R20: Comm equiv | S20: Equity | T20: =Funding!$H$16 -> 1146.497 | U20: =Valuation!$F$11 -> 859.06736
K21: Total | L21: =SUM(L9:L10,L20) -> 280.22512 | M21: =SUM(M9:M10,M20) -> 319.30425 | N21: =SUM(N9:N10,N20) -> 355.31585 | O21: =SUM(O9:O10,O20) -> 387.96969 | P21: =SUM(P9:P10,P20) -> 426.67266 | R21: Mkt value
R22: Market cap | S22: Equity | T22: =Factors!$D$13 -> 1318.1153 | U22: =Valuation!$I$11 -> 922.68069
J23: Interest | R23: Diluted cap | S23: Equity | T23: =Factors!$D$20 -> 1344.8875 | U23: =Valuation!$I$24 -> 863.42128
K24: Short-term | L24: =L9*Drivers!$M$9 -> 1.89 | M24: =M9*Drivers!$M$9 -> 1.9845 | N24: =N9*Drivers!$M$9 -> 2.083725 | O24: =O9*Drivers!$M$9 -> 2.1879112 | P24: =P9*Drivers!$M$9 -> 2.2973068 | R24: Multiple
K25: Long-term | L25: =L10*Drivers!$M$10 -> 7.33875 | M25: =M10*Drivers!$M$10 -> 7.5589125 | N25: =N10*Drivers!$M$10 -> 7.7856799 | O25: =O10*Drivers!$M$10 -> 8.0192503 | P25: =P10*Drivers!$M$10 -> 8.2598278 | R25: EV / EBITDA | S25: Enterprise | U25: =IFERROR(Valuation!$L$13,"") -> 3137.7551
K26: Line of Credit | L26: =Drivers!$K$11*Drivers!$M$11 -> 7 | M26: =L20*Drivers!$M$11 -> 12.370758 | N26: =M20*Drivers!$M$11 -> 14.852198 | O26: =N20*Drivers!$M$11 -> 17.109449 | P26: =O20*Drivers!$M$11 -> 19.121821 | R26: Price/Earngs | S26: Equity | U26: =IFERROR(Valuation!$L$24,"") -> 2843.3351
K27: Total | L27: =SUM(L24:L26) -> 16.22875 | M27: =SUM(M24:M26) -> 21.914171 | N27: =SUM(N24:N26) -> 24.721603 | O27: =SUM(O24:O26) -> 27.31661 | P27: =SUM(P24:P26) -> 29.678956 | R27: DCF
R28: Present Value | S28: Enterprise | U28: =IFERROR(Valuation!$O$13,"") -> 699.2975
R29: Equity bridge | S29: Equity | U29: =IFERROR(Valuation!$O$27,"") -> 490.96687

Sheet Factors
A1: info
C3: Valuation Factors
C5: Share Count | F5: Cost of Capital | O5: Fundraising Summary
C7: Basic shares | F7: Cost of Equity (RoE) | O7: Group | P7: Amount | Q7: Shares | R7: Cap
C8: Shares outstanding at IPO | D8: =Funding!$H$14 -> 1118.1153 | F8: Inputs | I8: Formula | O8: Founders | P8: =SUM(Funding!$O$8:$R$8) -> 35 | Q8: =Funding!$M$9 -> 50 | R8: =Funding!$W$8 -> 0.044718108
C9: + Employee SPP | D9: =Drivers!$P$22 -> 100 | F9: Risk-free rate | G9: =Drivers!$P$16 -> 0.05 | I9: Risk-free + S & P premium x beta | O9: Group A | P9: =SUM(Funding!$O$9:$R$9) -> 32.032967 | Q9: =Funding!$M$10 -> 92.4 | R9: =Funding!$W$9 -> 0.082639064
C10: + Restricted stock | D10: =Drivers!$P$23 -> 100 | F10: Avg. S & P return | G10: =Drivers!$P$14 -> 0.08 | I10: =TEXT(G9,"0.0%")&" + ("&TEXT(G10,"0.0%")&" ⎯ "&TEXT(G9,"0.0%")&") x "&TEXT(G11,"0.0") -> 5.0% + (8.0% ⎯ 5.0%) x 1.2 | O10: Group B | P10: =SUM(Funding!$O$10:$R$10) -> 32.967033 | Q10: =Funding!$M$11 -> 72 | R10: =Funding!$W$10 -> 0.064394076
C11: ⎯ Buybacks | D11: =-ABS(Drivers!P24) -> -20 | F11: Company beta | G11: =Drivers!P15 -> 1.2 | I11: =G9+(G10-G9)*G11 -> 0.086 | O11: Public Float | P11: =SUM(Funding!$O$13:$R$13) -> 449.57852 | Q11: =Funding!$M$14 -> 115 | R11: =Funding!$W$13 -> 0.10285165
C12: + Exercised options | D12: =Drivers!P26 -> 20 | O12: RSU | P12: =Funding!$R$11 -> 0 | Q12: =Funding!$M$12 -> 200 | R12: =Funding!$W$11 -> 0.17887243
C13: Shares outstanding | D13: =SUM(D8:D12) -> 1318.1153 | F13: Weighted Average (WACC) | O13: Conv. Notes | P13: =Funding!$R$12 -> 75 | Q13: =Funding!$M$13 -> 588.71528 | R13: =Funding!$W$12 -> 0.52652467
F14: Tranche | G14: Balance | I14: Weight | J14: Cost | K14: Wgtd Cost | O14: Options CSE | P14: =Funding!$R$15 -> 21.266337 | Q14: =Funding!$H$15 -> 28.381699 | R14: =Funding!$W$15 -> 0.025383518
C15: Common-equivalent shares | F15: Equity | G15: =Valuation!$I$11 -> 922.68069 | I15: =G15/SUM(G$15:G$15) -> 1 | J15: =G9+(G10-G9)*G11 -> 0.086 | L15: =J15*I15 -> 0.086 | O15: Valuation Summary
C16: Options outstanding | D16: =Funding!$H$15 -> 28.381699 | F16: Short-term debt | G16: =Drivers!$K$9 -> 25 | I16: =G16/SUM(G$15:G$15) -> 0.027094964 | J16: =Drivers!$M$9 -> 0.072 | L16: =J16*I16 -> 0.0019508374
C17: + Options granted | D17: =IF(Drivers!$P$28<Drivers!$P$20,Drivers!$P$27*(1-Drivers!$P$28/Drivers!$P$20),0) -> 4.5771821 | F17: Long-term debt | G17: =Drivers!$K$10 -> 75 | I17: =G17/SUM(G$15:G$15) -> 0.081284891 | J17: =Drivers!$M$10 -> 0.095 | L17: =J17*I17 -> 0.0077220647 | O17: Method | P17: Metric | Q17: Shares | R17: Valuation
C18: ⎯ Options exercised | D18: =-IF(Drivers!$H$15<Drivers!$P$20,Drivers!$P$26*(1-Drivers!$H$15/Drivers!$P$20),0) -> -6.1866195 | F18: Line of credit | G18: =Drivers!$K$11 -> 100 | I18: =G18/SUM(G$15:G$15) -> 0.10837986 | J18: =Drivers!$M$11 -> 0.07 | L18: =J18*I18 -> 0.0075865899 | O18: Pre-money
C19: Total dilutive effects | D19: =SUM(D16:D18) -> 26.772262 | L19: =SUM(L15:L18) -> 0.10325949 | O19: Basic | P19: Equity | Q19: =Funding!$H$14 -> 1118.1153 | R19: =Funding!$R$16 -> 1145.8449
C20: Fully-diluted shares | D20: =SUM(D13,D19) -> 1344.8875 | O20: Comm equiv | P20: Equity | Q20: =Funding!$H$16 -> 1146.497 | R20: =Valuation!$F$11 -> 859.06736
O21: Mkt value
O22: Market cap | P22: Equity | Q22: =Factors!$D$13 -> 1318.1153 | R22: =Valuation!$I$11 -> 922.68069
O23: Diluted cap | P23: Equity | Q23: =Factors!$D$20 -> 1344.8875 | R23: =Valuation!$I$24 -> 863.42128
O24: Multiple
O25: EV / EBITDA | P25: Enterprise | R25: =IFERROR(Valuation!$L$13,"") -> 3137.7551
O26: Price/Earngs | P26: Equity | R26: =IFERROR(Valuation!$L$24,"") -> 2843.3351
O27: DCF
O28: Present Value | P28: Enterprise | R28: =IFERROR(Valuation!$O$13,"") -> 699.2975
O29: Equity bridge | P29: Equity | R29: =IFERROR(Valuation!$O$27,"") -> 490.96687

Sheet Valuation
A1: info
C3: Valuations
C5: Type | E5: Post-money | H5: Market | K5: Relative | N5: Intrinsic
C7: ⚫ Enterprise | E7: ❶ Common equivalent shares | H7: ❷ Market Cap | K7: ❹ EV / EBITDA | N7: ❻ Discounted Cash Flow | O7: 1 | P7: 2 | Q7: 3 | R7: 4 | S7: 5 | T7: Terminal
C8: ⚫ Equity
E9: Equivalent shares | F9: =Funding!$H$16 -> 1146.497 | H9: Shares outstanding | I9: =Factors!D13 -> 1318.1153 | K9: Industry EV | L9: =SUM(Drivers!$P$9:$R$9) -> 20500 | N9: Cash from Operatios | O9: =Forecast!L17 -> 50.105517 | P9: =Forecast!M17 -> 59.751498 | Q9: =Forecast!N17 -> 72.109038 | R9: =Forecast!O17 -> 85.623394 | S9: =Forecast!P17 -> 100.35099
E10: Price / Share | F10: =Drivers!$P$19 -> 0.74929753 | H10: Price / Share | I10: =Drivers!$P$20 -> 0.7 | K10: ÷ EBITDA | L10: =SUM(Drivers!$P$10:$R$10) -> 2450 | N10: ⎯ CapEx | O10: =-Forecast!D14 -> -25 | P10: =-Forecast!E14 -> -26 | Q10: =-Forecast!F14 -> -27.04 | R10: =-Forecast!G14 -> -28.1216 | S10: =-Forecast!H14 -> -29.246464
E11: Equity value | F11: =F9*F10 -> 859.06736 | H11: Equity value | I11: =Drivers!$P$20*Factors!$D$13 -> 922.68069 | L11: =$L$9/$L$10 -> 8.3673469 | N11: = Free CF | O11: =SUM(O9:O10) -> 25.105517 | P11: =SUM(P9:P10) -> 33.751498 | Q11: =SUM(Q9:Q10) -> 45.069038 | R11: =SUM(R9:R10) -> 57.501794 | S11: =SUM(S9:S10) -> 71.104529 | T11: =Drivers!$P$17 -> 0.02
K12: x Co's. EBITDA | L12: =Forecast!$D$18 -> 375 | N12: ="Present Value @ "&TEXT(Factors!L19,"0.0%") -> Present Value @ 10.3% | O12: =O11/(1+Factors!$L$19) ^O7 -> 22.755768 | P12: =P11/(1+Factors!$L$19) ^P7 -> 27.729223 | Q12: =Q11/(1+Factors!$L$19) ^Q7 -> 33.561802 | R12: =R11/(1+Factors!$L$19) ^R7 -> 38.812418 | S12: =S11/(1+Factors!$L$19) ^S7 -> 43.501968 | T12: =(S11*(1+$T$11)/(Factors!$L$19-$T$11)) / ((1+Factors!$L$19)^$S$7) -> 532.93632
H13: ❸ Diluted cap | K13: Enterprise value | L13: =$L$9/$L$10*Forecast!$D$18 -> 3137.7551 | N13: ∑ Enterprise value | O13: =SUM(O12:T12) -> 699.2975
H16: Fully-diluted shares | I16: =Factors!D20 -> 1344.8875
K17: ❺ Price / Earnings | N17: ❼ Equity Bridge
H18: Price / Share | I18: =Drivers!$P$20 -> 0.7
H20: Unadjusted | I20: =I16*I18 -> 941.42128 | K20: Industry Price | L20: =SUM(Drivers!$P$11:$R$11) -> 24370 | N20: Enterprise Value | O20: =$O$13 -> 699.2975
H21: ⎯ OTM Liq Pref | K21: ÷ Earnings | L21: =SUM(Drivers!$P$12:$R$12) -> 1845 | N21: + Cash balance at IPO | O21: =Drivers!K22 -> 60
H22: Class B | I22: =IF(Drivers!$P$20<Drivers!$P$19*Drivers!$F$24,-(SUM(Funding!$Q$9:$Q$10)*Drivers!$F$24),0) -> -45 | L22: =$L$20/$L$21 -> 13.208672 | N22: ⎯ Debt balance at IPO | O22: =-SUM(Drivers!$K$9:$K$11) -> -200
H23: Class A | I23: =IF(Drivers!$P$20<Drivers!$P$19*Drivers!$E$24,-(Funding!$P$9*Drivers!$E$24),0) -> -33 | K23: x Co's. Earnings | L23: =Forecast!$D$19 -> 215.26275 | N23: ⎯ OTM Liquidity Pref
H24: Equity value | I24: =SUM(I20:I23) -> 863.42128 | K24: Equity value | L24: =$L$20/$L$21*Forecast!$D$19 -> 2843.3351 | N24: Class B Preferred | O24: =IF(Drivers!$P$20<Drivers!$P$19*Drivers!$F$24,-(SUM(Funding!$Q$9:$Q$10)*Drivers!$F$24),0) -> -45
N25: Class A Preferred | O25: =IF(Drivers!$P$20<Drivers!$P$19*Drivers!$E$24,-(Funding!$P$9*Drivers!$E$24),0) -> -33
N26: + Exercise proceeds | O26: =Forecast!$L$14 -> 9.6693664
N27: Equity value | O27: =SUM(O20:O26) -> 490.96687
